 Dungeon Crawl Stone Soup version 0.29-a0-41-g89e12c0570 (webtiles) character file.

Game seed: 9316227779890055804

217 Grim the Vexing (level 5, -6/28 HPs)
             Began as a Deep Elf Arcane Marksman on Feb 2, 2022.
             Killed by an exploding adder (33 damage)
             ... ignited by their inner flame
             ... on level 3 of the Dungeon.
             The game lasted 00:07:31 (3562 turns).

Grim the Vexing (Deep Elf Arcane Marksman)          Turns: 3562, Time: 00:07:34

Health: -6/28      AC:  5    Str:  7    XL:     5   Next: 62%
Magic:  6/9        EV: 12    Int: 20    God:
Gold:   106        SH:  0    Dex: 15    Spells: 0/7 levels left

rFire   . . .      SeeInvis .   b - +4 quarterstaff (chaos)
rCold   . . .      Faith    .   (shield currently unavailable)
rNeg    . . .      Spirit   .   d - +0 robe
rPois   .          Reflect  .   (no helmet)
rElec   .          Harm     .   o - +2 cloak {rCorr}
rCorr   +          Rampage  .   (no gloves)
Will    .....                   (no boots)
Stlth   +.........              (no amulet)
HPRegen 0.09/turn               (no ring)
MPRegen 0.11/turn               (no ring)

@: no status effects
A: no striking features
a: no special abilities


You were on level 3 of the Dungeon.
You visited 1 branch of the dungeon, and saw 3 of its levels.

You collected 106 gold pieces.

Inventory:

Hand Weapons
 a - a +0 shortbow
 b - a +4 quarterstaff of chaos (weapon)
Armour
 d - a +0 robe (worn)
 o - a +2 cloak of preservation (worn)
Scrolls
 e - a scroll of enchant weapon {unknown}
 h - 2 scrolls of identify {unknown}
 i - a scroll of teleportation {unknown}
Potions
 f - a potion of curing {unknown}
 g - a potion of flight {unknown}
 j - 2 potions of ambrosia {unknown}
 k - 2 potions of berserk rage {unknown}
 l - a potion of might {unknown}
 m - a potion of heal wounds {unknown}


   Skills:
 - Level 0.7 Fighting
 + Level 5.2 Bows
 - Level 2.4 Dodging
 - Level 1.5 Spellcasting
 * Level 6.9 Hexes
 * Level 1.0 Translocations


You couldn't memorise any spells.
You knew the following spells:

 Your Spells              Type           Power      Damage    Failure   Level
a - Slow                  Hex            100%       N/A       1%          1
b - Inner Flame           Hex/Fire       15%        N/A       12%         3
c - Portal Projectile     Hex/Tloc       34%        N/A       10%         3

Your spell library contained the following spells:

 Spells                   Type           Power      Damage    Failure   Level
 Cause Fear               Hex            14%        N/A       10%         4
 Simulacrum               Ice/Necr       0%         N/A       100%        6
 Dragon Form              Tmut           0%         N/A       100%        7
 Storm Form               Tmut/Air       0%         N/A       100%        7


Dungeon Overview and Level Annotations

Branches:
Dungeon (3/15)

Altars:
Fedhas

Shops:
D:1 [


Message History

Casting: Slow (safe; 1% risk of failure)
Confirm with . or Enter, or press ? or * to list all spells.
The spell is quite dangerous to miscast (12% risk of failure)!
Continue anyway? [Y]es or [N]o only, please.
The spell is quite dangerous to miscast (12% risk of failure)!
Continue anyway?
Aiming: Inner Flame (quite dangerous; 12% risk of failure)
Press: ? - help, Dir - move target, f - adder
Aim: an adder (wandering, hasn't noticed you, chance to affect: 76%)
The adder hisses angrily.
The adder is filled with an inner flame.
Casting: Inner Flame (quite dangerous; 12% risk of failure)
Confirm with . or Enter, or press ? or * to list all spells.
Aiming: Slow (safe; 1% risk of failure)
Press: ? - help, Shift-Dir - straight line, f/p - adder
Aim: an adder (inner flame, chance to affect: 72%)
The adder struggles to resist.
Casting: Slow (safe; 1% risk of failure)
Confirm with . or Enter, or press ? or * to list all spells.
Aiming: Slow (safe; 1% risk of failure)
Press: ? - help, Shift-Dir - straight line, f/p - adder
Aim: an adder (inner flame, chance to affect: 72%)
The adder seems to slow down.
You shoot an arrow. The arrow closely misses the adder.
You shoot an arrow. The arrow misses the adder.
You shoot an arrow. The arrow closely misses the adder.
The adder barely misses you.
A kobold comes into view. It is wielding a +0 short sword.
You do not have any ammo quivered for your +0 shortbow.
Your +4 quarterstaff of chaos is briefly surrounded by a scintillating aura of random colours.
b - a +4 quarterstaff of chaos (weapon)
You completely miss the adder. The adder bites you.
You miss the adder. The adder closely misses you.
You hit the adder.
Flame seeps out of the adder.
The adder suddenly stops moving!
The adder is moderately wounded.
The adder is engulfed in blazing flames.
The adder explodes!
The fiery explosion engulfs you!!
Ouch! That really hurt!
You die...

. #.# #.#
##.####.#
♣♣♣♣.....#.#
♣..♣.###)#.#
♣....# #.#.#
♣._..# #.#)#
♣....# #)#.#
♣..♣####.#.##
♣♣♣♣@○..K...#
#####.#..######
#....).K...
###..######
#..### #....#
##.#(# #.#.#
#.#.#


You could see a kobold.

Vanquished Creatures
  Crazy Yiuf (D:2)
  Jessica (D:2)
  2 orc wizards (D:2)
  Robin (D:2)
  A gnoll (D:1)
  3 adders (D:3)
  2 dart slugs
  5 orcs
  3 bats
  4 endoplasms
  2 giant cockroaches
  13 goblins
  7 hobgoblins
  2 jackals (D:2)
  5 kobolds
  A quokka (D:1)
  10 ball pythons
  3 rats
66 creatures vanquished.

Notes
Turn   | Place    | Note
-------+----------+-------------------------------------------
     0 | D:1      | Grim the Deep Elf Arcane Marksman began the quest for the
                  | Orb.
     0 | D:1      | Reached XP level 1. HP: 11/11 MP: 5/5
     6 | D:1      | Noticed a hog
     6 | D:1      | Noticed a swamp worm
     6 | D:1      | Noticed a salamander
     7 | D:1      | Noticed a killer bee
     7 | D:1      | Noticed a rime drake
    71 | D:1      | Reached XP level 2. HP: 11/16 MP: 6/6
   178 | D:1      | Got the Guide on Frigorific Shape Shifting
   569 | D:1      | Found a faded altar of an unknown god.
   926 | D:1      | Found Mythre's Antique Armour Shop.
  1259 | D:2      | Reached XP level 3. HP: 16/20 MP: 5/7
  1586 | D:2      | Reached skill level 5 in Hexes
  1655 | D:2      | Noticed Jessica
  1664 | D:2      | Learned a level 3 spell: Inner Flame
  1672 | D:2      | Killed Jessica
  1806 | D:2      | Reached XP level 4. HP: 24/24 MP: 8/8
  2033 | D:2      | Reached skill level 6 in Hexes
  2357 | D:2      | Noticed Robin
  2361 | D:2      | Killed Robin
  2362 | D:2      | Reached XP level 5. HP: 28/28 MP: 1/9
  2717 | D:2      | Found a runed translucent door.
  2718 | D:2      | Noticed Crazy Yiuf
  2742 | D:2      | Killed Crazy Yiuf
  2743 | D:2      | Reached skill level 5 in Bows
  3114 | D:2      | Learned a level 3 spell: Portal Projectile
  3429 | D:3      | Found a blossoming altar of Fedhas.
  3505 | D:3      | Reached skill level 1 in Translocations
  3562 | D:3      | Killed by an exploding adder... ignited by their inner
                  | flame

Illustrated notes

Levels and vault maps discovered:
D:1:      onia_arrival_zoo_common, layout_basic, serial_shops,
          nicolae_shop_stone, ebering_ecumenical_altar_rust
D:2:      layout_basic, kennysheep_generic_room_10, uniq_crazy_yiuf_cottage,
          uniq_jessica, uniq_robin
D:3:      layout_loops_ring, mainiacjoe_overflow_alcove_1,
          makhleb_altar_promises_db

Skill      XL: |  1  2  3  4  5 |
---------------+----------------+-----
Bows           | 3 4 5 |  5.2
Hexes          | 5 6 |  6.9
Translocations | 1 |  1.0
Fighting       | |  0.7
Dodging        | |  2.4
Spellcasting   | |  1.5

Action                   |  1- 3 |  4- 6 || total
-------------------------+-------+-------++-------
Melee: Quarterstaff      |       |    12 ||    12
       Short sword       |       |     4 ||     4
 Fire: Shortbow          |    76 |    86 ||   162
 Cast: Slow              |    12 |    11 ||    23
       Inner Flame       |     1 |     9 ||    10
 Stab: Confused          |       |     1 ||     1
Armor: Robe              |     3 |     4 ||     7
Dodge: Dodged            |    11 |     9 ||    20

Table legend: (Time is in decaauts)
 A = Elapsed time spent in this place.
 B = Non-inter-level travel time spent in this place.
 C = Inter-level travel time spent in this place.
 D = Time resting spent in this place.
 E = Time spent auto-exploring this place.
 F = Levels seen in this place.
 G = Mean time per level.
                   A        B        C        D        E       F      G
               +--------+--------+--------+--------+--------+-----+--------+
         Total |   3570 |   3487 |     83 |   1057 |   1860 |   3 | 1190.0 |
       Dungeon |   3570 |   3487 |     83 |   1057 |   1860 |   3 | 1190.0 |
               +--------+--------+--------+--------+--------+-----+--------+

Top non-repeatable levels by time:
     D:2: 1892 daAuts
     D:1: 1210 daAuts
     D:3: 467 daAuts
